 Dungeon Crawl Stone Soup version 0.29-a0-813-g4a14ea37d6 (webtiles) character file.

Game seed: 8542295534393233512

128 jlumianski the Covered (level 4, 0/52 HPs)
             Began as a Demonspawn Fighter on July 5, 2022.
             Succumbed to a gnoll's poison
             ... on level 3 of the Dungeon.
             The game lasted 00:08:46 (2314 turns).

jlumianski the Covered (Demonspawn Fighter)         Turns: 2314, Time: 00:08:47

Health: 0/52       AC: 22    Str: 18    XL:     4   Next: 87%
Magic:  4/4        EV:  2    Int:  9    God:
Gold:   65         SH: 14    Dex: 19    Spells: 3/3 levels left

rFire   . . .      SeeInvis .   a - +1 war axe
rCold   . . .      Faith    .   c - +0 buckler
rNeg    . . .      Spirit   .   (body armour currently unavailable)
rPois   +          Reflect  +   (helmet currently unavailable)
rElec   .          Harm     .   (cloak currently unavailable)
rCorr   .          Rampage  .   (gloves currently unavailable)
Will    .....      NoTele   +   (boots currently unavailable)
Stlth   ++........              j - amulet of reflection
HPRegen 0.17/turn               t - +6 ring of dexterity
MPRegen 0.09/turn               (no ring)

@: mighty, lethally poisoned (0 -> -2), tree-form
A: stationary, stasis, torment immunity, boosted hp, (thin metallic scales 1),
condensation shield
a: no special abilities


You were on level 3 of the Dungeon.
You were a tree.
You visited 1 branch of the dungeon, and saw 4 of its levels.

You collected 65 gold pieces.

Inventory:

Hand Weapons
 a - a +1 war axe (weapon)
 p - a +1 dagger of venom
 u - a +1 vampiric whip
Missiles
 f - 18 stones (quivered)
 o - 5 poisoned darts
Armour
 b - a +0 scale mail (melded)
 c - a +0 buckler (worn)
Jewellery
 j - an amulet of reflection (around neck)
 t - a +6 ring of dexterity (left branch)
Wands
 m - a wand of charming (8)
Scrolls
 h - a scroll of teleportation
 r - a scroll of amnesia
Potions
 g - a potion of haste
 n - a potion of degeneration
 s - a potion of magic {unknown}
 v - a potion of mutation {unknown}


   Skills:
 + Level 3.3 Fighting
 + Level 3.1 Axes
 + Level 3.5 Armour
 + Level 0.5 Dodging
 + Level 3.2 Shields


You had 3 spell levels left.
You didn't know any spells.
Your spell library contained the following spells:

 Spells                   Type           Power      Damage    Failure   Level
 Dazzling Flash           Conj/Hex       0%         N/A       85%         3
 Agony                    Necr           0%         N/A       100%        5
 Silence                  Hex/Air        0%         N/A       100%        5


Dungeon Overview and Level Annotations

Branches:
Dungeon (4/15)
 Temple: D:4-7

Altars:


Innate Abilities, Weirdness & Mutations

You are a tree.
Your roots penetrate the ground, keeping you stationary.
You cannot be teleported.
You are immune to unholy pain and torment.
Your maximum health is greatly increased.
Your equipment is partially melded.
((You are partially covered in thin metallic scales. (AC +2)))
A meltable shield of frost defends you. (SH +4)


Message History

You feel very sick. You block the ball python's attack.
The ball python constricts you.
The jackal bites you but does no damage.
The gnoll hits you from afar with a +0 halberd.
The gnoll barely misses you.
The gnoll hits you from afar with a +0 halberd!
* * * LOW HITPOINT WARNING * * *
You feel very mighty all of a sudden.
* * * LOW HITPOINT WARNING * * *
You feel sick. The jackal barely misses you.
The ball python bites you but does no damage.
The ball python constricts you. You block the gnoll's attack. x2
You block the goblin's attack.
The jackal bites you but does no damage.
You block the gnoll's attack. The ball python barely misses you.
The ball python constricts you.
You slash the ball python!
You kill the ball python!
You slash the jackal!
You kill the jackal!
You hit the goblin.
You kill the goblin!
* * * LOW HITPOINT WARNING * * *
You feel sick. The gnoll barely misses you. You block the gnoll's attack.
The gnoll barely misses you.
* * * LOW HITPOINT WARNING * * *
You feel sick.
The gnoll throws a poisoned dart.
You reflect the poisoned dart off an invisible shield around you!
The poisoned dart hits the gnoll!
The gnoll is poisoned.
The gnoll closely misses you. You block the gnoll's attack.
You climb upwards.
Your surroundings suddenly seem different.
Found 13 gold pieces.
* * * LOW HITPOINT WARNING * * *
You feel sick.
Really quaff the potion of lignification?
You turn into a tree.
Your +0 scale mail melds into your body.
Your roots penetrate the ground.
You die...

.......##......#.......
.....#..##.#............
. ......#........
...#............
..#.........#.. .
.....#......
...##.....$....
#......P...###
#.♣8.P...# #........#.#
#.#......... ..
.......... ...
.##........ ## .#
##..##... #. ..# ##. .
..#


There were no monsters in sight!

Vanquished Creatures
  4 gnolls
  4 adders
  2 worms (D:2)
  2 orcs
  4 ball pythons
  3 bats
  3 endoplasms
  A giant cockroach (D:2)
  7 goblins
  2 hobgoblins
  A jackal (D:4)
  2 quokkas (D:1)
  A frilled lizard (D:1)
  9 kobolds
  3 rats
48 creatures vanquished.

Notes
Turn   | Place    | Note
-------+----------+-------------------------------------------
     0 | D:1      | jlumianski the Demonspawn Fighter began the quest for the
                  | Orb.
     0 | D:1      | Reached XP level 1. HP: 18/18 MP: 1/1
   139 | D:1      | Found a faded altar of an unknown god.
   493 | D:1      | Gained mutation: You are partially covered in thin metallic
                  | scales. (AC +2) [demonic ancestry]
   493 | D:1      | Reached XP level 2. HP: 24/24 MP: 2/2
  1116 | D:2      | Reached XP level 3. HP: 17/29 MP: 3/3
  1687 | D:3      | Gained mutation: A meltable shield of frost defends you.
                  | (SH +4) [demonic ancestry]
  1687 | D:3      | Reached XP level 4. HP: 23/35 MP: 4/4
  2306 | D:4      | HP: 1/35 [ball python (1)]
  2312 | D:4      | HP: 1/35 [poisoned by a gnoll]
  2314 | D:3      | Succumbed to a gnoll's poison

Illustrated notes

Levels and vault maps discovered:
D:1:      dpeg_arrival_arbitrary_a, layout_basic, ebering_ecumenical_altar_box
D:2:      minmay_inner_zag, layout_basic, minmay_misc_feat_tiny
D:3:      layout_rooms, lemuel_crystal_altar, serial_undead, serial_undead_b,
          serial_undead_d, serial_undead_c, serial_undead_c, uniq_jessica,
          uniq_natasha, uniq_grinder
D:4:      layout_loops_ring, mainiacjoe_overflow_paths, enter_ossuary_2

Skill      XL: |  1  2  3  4 |
---------------+-------------+-----
Shields        | 3 |  3.2
Armour         | 3 |  3.5
Axes           | 2 3 |  3.1
Fighting       | |  3.3
Dodging        | |  0.5

Action                   |  1- 3 |  4- 6 || total
-------------------------+-------+-------++-------
Melee: War axe           |    99 |    47 ||   146
Throw: Stone             |       |    13 ||    13
  Use: Scroll            |       |     6 ||     6
       Potion            |       |     6 ||     6
Armor: Scale mail        |    42 |    26 ||    68
Dodge: Dodged            |    30 |    27 ||    57
Block: Buckler           |    62 |    67 ||   129
       Reflection        |     4 |     7 ||    11

Table legend: (Time is in decaauts)
 A = Elapsed time spent in this place.
 B = Non-inter-level travel time spent in this place.
 C = Inter-level travel time spent in this place.
 D = Time resting spent in this place.
 E = Time spent auto-exploring this place.
 F = Levels seen in this place.
 G = Mean time per level.
                   A        B        C        D        E       F      G
               +--------+--------+--------+--------+--------+-----+--------+
         Total |   2382 |   2331 |     51 |    307 |   1033 |   4 |  595.5 |
       Dungeon |   2382 |   2331 |     51 |    307 |   1033 |   4 |  595.5 |
               +--------+--------+--------+--------+--------+-----+--------+

Top non-repeatable levels by time:
     D:2: 1134 daAuts
     D:1: 1038 daAuts
     D:3: 171 daAuts
     D:4: 38 daAuts
